 Dungeon Crawl Stone Soup version 0.30.1-4-g462c640d31 (webtiles) character file.

Game seed: 10273886043558586970

30412 wingedge the Fighter (level 13, 0/84 HPs)
             Began as a Gargoyle Earth Elementalist on Aug 29, 2023.
             Was a High Priest of Vehumet.
             Slain by a death yak (9 damage)
             ... on level 5 of the Lair of Beasts.
             The game lasted 00:43:35 (16575 turns).

wingedge the Fighter (Gargoyle Earth Elementalist) Turns: 16575, Time: 00:43:36

Health: 0/84       AC: 25    Str: 18    XL:     13   Next: 51%
Magic:  22/22      EV: 12    Int: 19    God:    Vehumet [*****.]
Gold:   826        SH:  6    Dex: 18    Spells: 11/24 levels left

rFire   . . .        a - +16 obsidian axe {drain, demonic, Mesm Drain Fly SInv}
rCold   + . .        x - +0 buckler
rNeg    + . .        V - +2 ring mail {rC+}
rPois   ∞            C - +1 helmet
rElec   +            e - +0 cloak
rCorr   +            B - +1 pair of gloves of Raph {rCorr Int-2 Dex+8 Slay-4}
SInv    +            K - +0 pair of boots
Will    +....        o - amulet of magic regeneration
Stlth   ++           s - +6 ring of strength
HPRegen 0.34/turn    u - ring of willpower
MPRegen 0.58/turn

%: no passive effects
@: flying, mesmerised
A: sickness immunity, AC +9, negative energy resistance 1, electricity
resistance, torment resistance 1, petrification resistance
a: Renounce Religion


You were on level 5 of the Lair of Beasts.
You worshipped Vehumet.
Vehumet was extremely pleased with you.
You visited 3 branches of the dungeon, and saw 17 of its levels.

You collected 847 gold pieces.
You spent 21 gold pieces at shops.

Inventory:

Hand Weapons
 a - the +16 obsidian axe (weapon) {drain, demonic, Mesm Drain Fly SInv}
   (You acquired it on level 1 of the Lair of Beasts)

   Mesm:      Its wielder is mesmerised by any visible foes, and it cannot be
   unequipped while any foes are visible.
   SInv:      It lets you see invisible.
   Fly:       It grants you flight.
   Drain:     It drains your maximum health when unequipped.
 F - a +4 war axe
 P - a +0 broad axe of venom
Missiles
 p - 46 poisoned darts
 v - a curare-tipped dart
 L - 4 throwing nets
Armour
 e - a +0 cloak (worn)
 i - an orb of light
 x - a +0 buckler (worn)
 B - the +1 pair of gloves of Raph (worn) {rCorr Int-2 Dex+8 Slay-4}
   (You found it on level 1 of the Lair of Beasts)

   Int:       It affects your intelligence (-2).
   Dex:       It affects your dexterity (+8).
   Slay:      It affects your accuracy & damage with ranged weapons and melee
   (-4).
   rCorr:     It protects you from acid and corrosion.
 C - a +1 helmet (worn)
 G - a +0 ring mail of fire resistance
 K - a +0 pair of boots (worn)
 V - a +2 ring mail of cold resistance (worn)
Jewellery
 o - an amulet of magic regeneration (around neck)
 q - a ring of resist corrosion
 r - a ring of magical power
 s - a +6 ring of strength (left hand)
 u - a ring of willpower (right hand)
 y - an amulet of reflection
 E - a ring of protection from cold
 J - a ring of ice
Wands
 n - a wand of charming (7)
 N - a wand of polymorph (13)
 R - a wand of iceblast (12)
 S - a wand of flame (33)
Scrolls
 d - 2 scrolls of silence
 f - 4 scrolls of teleportation
 k - 5 scrolls of enchant armour
 l - 2 scrolls of magic mapping
 t - 6 scrolls of blinking
 D - a scroll of poison
 H - a scroll of fog
 M - 5 scrolls of enchant weapon
 X - a scroll of amnesia
 Z - a scroll of immolation
Potions
 b - 3 potions of magic
 c - 3 potions of brilliance
 g - 4 potions of resistance
 j - 6 potions of mutation
 m - 2 potions of curing
 w - a potion of cancellation
 z - 2 potions of lignification {unknown}
 A - 4 potions of invisibility {unknown}
 O - a potion of flight {unknown}
 Q - 2 potions of might {unknown}
 W - a potion of berserk rage {unknown}
Miscellaneous
 Y - a box of beasts


   Skills:
 + Level 11.4 Fighting
 * Level 7.2 Axes
 + Level 7.6 Armour
 + Level 3.0 Dodging
 - Level 3.0 Stealth
 + Level 7.6 Shields
 + Level 6.2 Spellcasting
 - Level 10.0 Conjurations
 - Level 0.7 Transmutations
 + Level 5.7 Fire Magic
 + Level 11.3 Earth Magic


You had 11 spell levels left.
You knew the following spells:

 Your Spells              Type           Power      Damage    Failure   Level
a - Sandblast             Erth           96%        2d20      1%          1
b - Stone Arrow           Conj/Erth      92%        3d12      1%          3
c - Flame Wave            Conj/Fire      35%        2d10      2%          4
d - Lee's Rapid Deconstr  Erth           24%        3d13*     1%          5

Your spell library contained the following spells:

 Spells                   Type           Power      Damage    Failure   Level
 Passwall                 Tmut/Erth      23%        N/A       2%          2
 Petrify                  Tmut/Erth      28%        N/A       19%         4
 Summon Small Mammal      Summ           20%        N/A       22%         1
 Leda's Liquefaction      Hex/Erth       13%        N/A       22%         4
 Ensorcelled Hibernation  Hex/Ice        10%        N/A       32%         2
 Lesser Beckoning         Tloc           10%        N/A       32%         2
 Spider Form              Tmut/Pois      7%         N/A       50%         3
 Call Canine Familiar     Summ           5%         N/A       54%         3
 Gell's Gravitas          Tloc           5%         N/A       54%         3
 Portal Projectile        Hex/Tloc       10%        N/A       54%         3
 Summon Guardian Golem    Hex/Summ       5%         N/A       54%         3
 Teleport Other           Tloc           5%         N/A       54%         3
 Tukima's Dance           Hex            5%         N/A       54%         3
 Anguish                  Hex/Necr       2%         N/A       91%         4
 Blade Hands              Tmut           4%         N/A       99%         5


Dungeon Overview and Level Annotations

Branches:
Dungeon (11/15)            Temple (1/1) D:6            Lair (5/5) D:8
 Shoals (0/4) Lair:2        Snake (0/4) Lair:3        Slime (0/5) Lair:5
    Orc (0/2) D:11

Altars:
Ashenzari
Cheibriados
Dithmenos
Elyvilon
Fedhas
Gozag
Hepliaklqana
Kikubaaqudgha
Makhleb
Nemelex Xobeh
Okawaru
Qazlal
Ru
Sif Muna
Trog
Uskayaw
Vehumet
Wu Jian
Xom
Yredelemnul
Zin
The Shining One
Jiyva

Shops:
D:5 *   D:6 [   D:11 =!*=


Innate Abilities, Weirdness & Mutations

You are immune to sickness and miasma.
Your stone body is resilient. (AC +9)
You are immune to poison.
You resist negative energy. (rN+)
You are resistant to electric shocks. (rElec)
You are resistant to unholy torment.
You are immune to petrification.


Message History

* * * LOW HITPOINT WARNING * * *
The death yak gores you but does no damage.
The death yak closely misses you. The death yak gores you.
* * * LOW HITPOINT WARNING * * *
As you read the scroll of fear, it crumbles to dust.
You assume a fearsome visage.
The death yak looks frightened!
The death yak resists with some effort.
The death yak resists with almost no effort.
The death yak resists with some effort.
The yak looks frightened! x2
Your neqoxec hits the death yak! The death yak barely misses you.
The death yak gores your neqoxec!!
Your neqoxec dies!
Your neqoxec disappears in a puff of smoke!
The death yak gores you.
* * * LOW HITPOINT WARNING * * *
The death yak bellows!
Okay, then.
You hit the death yak but do no damage. You open a gate to Pandemonium!
A demon appears!
The death yak is almost dead.
You slash the death yak! You open a gate to Pandemonium!
A demon appears!
You barely miss the death yak.
Visions of slaying the death yak flood into your mind.
The death yak gores you but does no damage.
You block the death yak's attack.
The death yak gores you but does no damage.
Okay, then.
Okay, then.
As you read the scroll of fear, it crumbles to dust.
You assume a fearsome visage.
The death yak looks frightened!
The death yak resists with some effort. x2
Visions of slaying the death yak flood into your mind.
The death yak barely misses you.
The death yak gores you but does no damage.
Your sun demon barely misses the death yak.
You slice the death yak!!
You kill the death yak!
Vehumet accepts your kill.
You hit the death yak. The death yak gores you!
You die...

##......#### #...
#.....### ##.<. ##...^.#
#.... #....### ## #....
#.....# #.#######..
#Y...## #......##..
#....3# ####.....#....
#...Y.#.##........##.#
#....@.# #........#..
#Y.3.†### #.##......#..
##..Y.# ##P....... #.....
#..#.....
........#..####.##.....
.................P......
....Y............†.......
.........................
.........................


You could see 3 death yaks, 2 yaks, a friendly soul eater (summoned) and a
friendly sun demon (summoned).

Vanquished Creatures
  A hydra (Lair:5)
  8 death yaks
  2 two-headed ogres
  Amaemon (D:8)
  A skyshark (Lair:5)
  A cyclops (D:11)
  3 black mambas
  An orange demon (D:8)
  7 cane toads
  An unseen horror (D:11)
  A gargoyle (D:7)
  2 rime drakes
  A kobold demonologist (D:10)
  Psyche (D:8)
  A merfolk (Lair:2)
  A troll (D:11)
  4 polar bears
  3 blink frogs (Lair:1)
  2 hornets
  3 slime creatures (Lair:5)
  32 yaks
  A shadow (D:11)
  3 wyverns
  A vampire (D:11)
  A basilisk (Lair:4)
  A steam dragon (D:6)
  4 vampire mosquitoes (D:10)
  4 wargs
  An acid dragon (D:10)
  17 water moccasins
  A hell hound (Lair:5)
  2 orc warriors (D:9)
  4 black bears
  2 ogres
  9 wolves
  2 centaurs
  A phantom (D:5)
  3 kobold brigands
  Blork the orc (D:4)
  2 gnoll sergeants (D:11)
  9 bullfrogs
  5 scorpions
  4 wights
  9 killer bees (D:8)
  An electric eel (Lair:2)
  5 howler monkeys
  3 gnoll boudas
  8 orc priests
  8 hounds
  7 orc wizards
  An iguana (D:6)
  14 hell rats
  23 gnolls
  12 adders
  10 river rats (Lair:1)
  A shadow imp (D:6)
  3 white imps
  An ufetubus (D:5)
  4 dart slugs
  27 orcs
  6 ball pythons
  3 bats
  5 endoplasms
  2 giant cockroaches
  10 hobgoblins
  3 jackals (D:2)
  24 kobolds
  7 quokkas
  A frilled lizard (D:2)
  3 goblins
  17 rats
  A spectral goblin (D:3)
374 creatures vanquished.

Vanquished Creatures (collateral kills)
  2 cane toads
  2 komodo dragons
  A polar bear (Lair:3)
  3 wolves
  A hell rat (Lair:3)
  2 river rats (Lair:1)
  4 quokkas (Lair:1)
  3 rats (Lair:1)
18 creatures vanquished.

Grand Total: 392 creatures vanquished

Notes
Turn   | Place    | Note
-------+----------+-------------------------------------------
     0 | D:1      | wingedge the Gargoyle Earth Elementalist began the quest
                  | for the Orb.
     0 | D:1      | Reached XP level 1. HP: 10/10 MP: 3/3
   232 | D:1      | Reached XP level 2. HP: 16/16 MP: 1/5
   404 | D:1      | Reached skill level 1 in Conjurations
   450 | D:1      | Reached skill level 1 in Fighting
  1340 | D:2      | Reached XP level 3. HP: 20/20 MP: 3/6
  1378 | D:2      | Learned a level 3 spell: Stone Arrow
  1527 | D:2      | Found a blossoming altar of Fedhas.
  1895 | D:2      | Reached XP level 4. HP: 26/26 MP: 5/7
  2512 | D:3      | Found a radiant altar of Vehumet.
  2524 | D:3      | Became a worshipper of Vehumet
  2568 | D:3      | Found a faded altar of an unknown god.
  2745 | D:3      | Reached XP level 5. HP: 30/30 MP: 9/9
  3039 | D:4      | Noticed Blork the orc
  3046 | D:4      | Killed Blork the orc
  3130 | D:4      | Found a shadowy altar of Dithmenos.
  3131 | D:4      | Found a broken altar of Ashenzari.
  3287 | D:4      | Reached XP level 6. HP: 37/37 MP: 10/10
  3562 | D:4      | Reached * piety under Vehumet
  3562 | D:4      | Offered knowledge of Foxfire by Vehumet.
  3563 | D:4      | Reached skill level 5 in Earth Magic
  3681 | D:4      | Found a blossoming altar of Fedhas.
  3692 | D:4      | Found a shimmering altar of Xom.
  3767 | D:5      | Entered Level 5 of the Dungeon
  3958 | D:5      | Reached skill level 1 in Shields
  3961 | D:5      | Reached XP level 7. HP: 41/41 MP: 11/11
  4077 | D:5      | Found a hide-covered altar of Uskayaw.
  4490 | D:5      | Found Xibbopn's Fire Supplies.
  4664 | D:5      | Noticed a two-headed ogre
  4773 | D:5      | Reached XP level 8. HP: 48/48 MP: 12/12
  4779 | D:5      | Killed a two-headed ogre
  4780 | D:5      | Reached skill level 5 in Fighting
  4780 | D:5      | Reached skill level 5 in Conjurations
  5195 | D:6      | Found a staircase to the Ecumenical Temple.
  5204 | D:6      | Reached skill level 1 in Axes
  5204 | D:6      | Reached XP level 9. HP: 55/55 MP: 15/15
  5207 | Temple   | Entered the Ecumenical Temple
  5470 | D:6      | Reached skill level 1 in Armour
  5670 | D:6      | Reached ** piety under Vehumet
  5678 | D:6      | Offered knowledge of Magic Dart by Vehumet.
  6248 | D:6      | Found Fafoibiu's Armour Shoppe.
  6389 | D:7      | Found a white marble altar of Elyvilon.
  6456 | D:7      | Noticed a hornet
  6458 | D:7      | Killed a hornet
  6459 | D:7      | Reached XP level 10. HP: 63/63 MP: 16/16
  6870 | D:7      | Noticed a gargoyle
  6873 | D:7      | Killed a gargoyle
  7156 | D:8      | Noticed Psyche
  7168 | D:8      | Killed Psyche
  7322 | D:8      | Noticed an orange demon
  7336 | D:8      | Killed an orange demon
  7381 | D:8      | Offered knowledge of Volatile Blastmotes by Vehumet.
  7481 | D:8      | Found a staircase to the Lair.
  7796 | D:8      | Noticed a two-headed ogre
  7801 | D:8      | Killed a two-headed ogre
  7846 | D:8      | Reached *** piety under Vehumet
  7884 | D:8      | Noticed Amaemon
  7904 | D:8      | Killed Amaemon
  7905 | D:8      | Reached XP level 11. HP: 47/71 MP: 8/17
  8991 | D:9      | Reached skill level 5 in Armour
  8994 | D:9      | Reached skill level 5 in Shields
  9100 | D:9      | Found a basalt altar of Yredelemnul.
  9140 | D:9      | Offered knowledge of Inner Flame by Vehumet.
  9304 | D:9      | Found a snail-covered altar of Cheibriados.
  9310 | D:9      | Found a sacrificial altar of Ru.
  9313 | D:9      | Found a hazy altar of Hepliaklqana.
  9398 | D:9      | Found an iron altar of Okawaru.
  9487 | D:10     | Entered Level 10 of the Dungeon
  9569 | D:10     | Reached skill level 5 in Spellcasting
  9738 | D:10     | Reached skill level 10 in Fighting
  9748 | D:10     | Reached **** piety under Vehumet
  9888 | D:10     | Found a stormy altar of Qazlal.
 10628 | Lair:1   | Entered Level 1 of the Lair of Beasts
 10654 | Lair:1   | Reached skill level 10 in Earth Magic
 10832 | Lair:1   | Offered knowledge of Flame Wave by Vehumet.
 10838 | Lair:1   | Noticed a death yak
 10839 | Lair:1   | Noticed a death yak
 10847 | Lair:1   | Noticed a death yak
 10859 | Lair:1   | Noticed a death yak
 10860 | Lair:1   | Noticed a death yak
 11095 | D:11     | Found Vuinac's Distillery.
 11095 | D:11     | Found Qicsot Fow's Assorted Antiques.
 11095 | D:11     | Found Ilauh's Jewellery Boutique.
 11153 | D:11     | Learned a level 4 spell: Flame Wave
 11190 | D:11     | Noticed a cyclops
 11201 | D:11     | Killed a cyclops
 11204 | D:11     | Found a white marble altar of Elyvilon.
 11277 | D:11     | Found Dytak's Jewellery Boutique.
 11309 | D:11     | Bought a blue potion for 21 gold pieces
 11382 | D:11     | Reached skill level 1 in Fire Magic
 11382 | D:11     | Reached XP level 12. HP: 78/78 MP: 20/20
 11726 | D:11     | Reached skill level 5 in Axes
 11937 | D:11     | Found a staircase to the Orcish Mines.
 12342 | Lair:1   | Killed a death yak
 12365 | Lair:1   | Killed a death yak
 12569 | Lair:1   | Killed a death yak
 12574 | Lair:1   | Killed a death yak
 12588 | Lair:1   | Killed a death yak
 12760 | Lair:1   | Identified a scroll of acquirement
 12780 | Lair:1   | Acquired the +16 obsidian axe {drain, demonic, Mesm Drain
                  | Fly SInv}
 12780 | Lair:1   | Found the +16 obsidian axe {drain, demonic, Mesm Drain Fly
                  | SInv}
 12807 | Lair:1   | Identified the +1 pair of gloves of Raph {rCorr Int-2 Dex+8
                  | Slay-4}
 12915 | Lair:1   | Noticed a sun demon
 12916 | Lair:1   | Reached ***** piety under Vehumet
 13023 | Lair:1   | Offered knowledge of Sticky Flame by Vehumet.
 13913 | Lair:2   | Found a staircase to the Shoals.
 14478 | Lair:3   | Found a staircase to the Snake Pit.
 14557 | Lair:3   | Reached skill level 10 in Conjurations
 14570 | Lair:3   | Reached skill level 5 in Fire Magic
 14671 | Lair:3   | Reached XP level 13. HP: 78/84 MP: 22/22
 15450 | Lair:4   | Offered knowledge of Lee's Rapid Deconstruction by Vehumet.
 15459 | Lair:4   | Learned a level 5 spell: Lee's Rapid Deconstruction
 16059 | Lair:5   | Entered Level 5 of the Lair of Beasts
 16276 | Lair:5   | Found a viscous altar of Jiyva.
 16395 | Lair:5   | Found a staircase to the Slime Pits.
 16569 | Lair:5   | HP: 2/84 [death yak (20)]
 16575 | Lair:5   | Slain by a death yak

Illustrated notes

Levels and vault maps discovered:
D:1:      kilobyte_arrival_exit_the_forest, layout_basic,
          minmay_misc_feat_columns
D:2:      layout_loops_corners, basic_altar, kennysheep_boxes
D:3:      layout_basic, lemuel_crystal_altar,
          dreamdust_ecumenical_altar_drowned_temple
D:4:      layout_loops_ring, minitemple, amethyst_overflow_temple_binary,
          nrook_mini_backslash, uniq_blork_the_orc
D:5:      minmay_clustersquares, layout_loops_corners, old_standard_altar,
          nicolae_shop_fire_sale [nicolae_sub_dead_trees], corexii_corridor_pit,
          cheibrodos_gnoll_hut
D:6:      layout_loops_ring, minmay_temple_entry_hall, serial_shops, shop
D:7:      layout_loops_ring, nicolae_overflow_crystal_walls
D:8:      layout_basic, erik_lair_orcish_takeover, st_stairs_6,
          kennysheep_generic_room_7, uniq_amaemon, uniq_psyche
D:9:      layout_roguey, minmay_overflow_temple_star_quad,
          okawaru_altar_gauntlet_db, mainiacjoe_overflow_alcove_1,
          nicolae_figureground_sparkle
D:10:     layout_loops_corners, mainiacjoe_overflow_alcove_4,
          chequers_serial_rivers_room_a, amcnicky_mini_rare_corridor_liquid
D:11:     layout_basic, orc_0_dummy, minmay_shop_enchanted_jewellery,
          nicolae_shop_distant_corner_stores, elyvilon_altar_5
Temple:   hellmonk_temple_forest_ring
Lair:1:   lemuel_ratsnest, layout_regular_city, serial_bayou_pond_d
Lair:2:   layout_roguey, elwin_shoals_entry_rooms
Lair:3:   layout_chaotic_city, minmay_snake_entry_six_corridors,
          infiniplex_staircase_pool_2, grunt_megastairs_2
Lair:4:   layout_cave_pods
Lair:5:   hangedman_lair_caniforms_friends, layout_hall_layers,
          minmay_slime_entry_pillars

Skill      XL: |  1  2  3  4  5  6  7  8  9 10 11 12 13 |
---------------+----------------------------------------+-----
Conjurations   | 1 2 3 4 5 7 8 9 10 | 10.0
Fighting       | 1 2 3 4 5 7 9 10 11 | 11.4
Earth Magic    | 4 5 7 8 9 10 11 | 11.3
Spellcasting   | 3 4 5 6 |  6.2
Shields        | 1 2 4 6 7 |  7.6
Dodging        | 2 3 |  3.0
Stealth        | 3 |  3.0
Axes           | 1 3 4 6 7 |  7.2
Armour         | 4 6 7 |  7.6
Fire Magic     | 1 5 |  5.7
Transmutations | |  0.7

Action                     |  1- 3 |  4- 6 |  7- 9 | 10-12 | 13-15 || total
---------------------------+-------+-------+-------+-------+-------++-------
  Melee: Club              |     9 |       |       |       |       ||     9
         Spear             |       |       |     1 |       |       ||     1
         War axe           |       |       |    48 |   115 |       ||   163
         Broad axe         |       |       |       |   103 |    62 ||   165
   Cast: Sandblast         |    46 |    56 |    17 |    23 |       ||   142
         Stone Arrow       |       |     9 |    80 |   257 |    23 ||   369
         Flame Wave        |       |       |       |    10 |     5 ||    15
         Lee's Rapid Decon |       |       |       |       |     3 ||     3
    Use: Scroll            |       |     3 |    11 |     9 |     5 ||    28
         Potion            |       |       |       |     1 |     2 ||     3
   Stab: Distracted        |       |       |       |     3 |     1 ||     4
 Armour: Robe              |    10 |     4 |    12 |       |       ||    26
         Ring mail         |       |       |    36 |   237 |    65 ||   338
  Dodge: Dodged            |    10 |    11 |    55 |   226 |    64 ||   366
  Block: Buckler           |       |       |    20 |    83 |    36 ||   139
